AoeStats
← raw0000

Arena

509268715Analyzed
4v4 RM · 7d ago on Sep 26, 2026· 38m 53s· 8 players
Game mode
Random Map
Map size
Large (8 player)
Population
200
Speed
Normal
Resources
Standard
Victory
Conquest
Starting age
Dark Age
Ending age
Imperial Age
RankedLock teamsTeams togetherTeam positionsShared explorationLock speedFull tech treeHidden civsTurbo modeCheats
Victory
Defeat
🇺🇸 Danes · United States
1323
+14
🇺🇸 Saxons · United States
1272
+16
🇮🇳 Poles · India
1250
+17
🇺🇸 Byzantines · United States
1198
+18
🇭🇰 Vietnamese · Hong Kong SAR China
1291
-18
🇹🇼 Saxons · Taiwan
1256
-16
🇹🇼 Varangians · Taiwan
1256
-16
🇰🇷 Italians · South Korea
1246
-15
Goembal
0:33 Loom
9:23 Feudal Age
9:52 Double-Bit Axe
15:28 Castle Age
13:34 Horse Collar
17:50 Heavy Plow
24:24 Bow Saw
24:30 Gold Mining
25:45 Wheelbarrow
29:36 Imperial Age
27:14 Treadmill Crane
27:44 Padded Archer Armor
27:45 Stone Mining
28:05 Squires
27:50 Arson
28:10 Scale Mail Armor
29:17 Chain Mail Armor
29:17 Leather Archer Armor
28:34 Pikeman
31:30 Chemistry
31:19 Plate Mail Armor
31:19 Ring Archer Armor
31:15 Fortified Wall
31:40 Crop Rotation
32:16 Two-Man Saw
32:12 Conscription
33:21 Masonry
33:48 Hoardings
35:14 Forging
34:54 Fletching
36:10 Bodkin Arrow
36:28 Pirotechnia
37:14 Ballistics
bbkuan 冠宇
10:13 Feudal Age
14:21 Castle Age
12:50 Double-Bit Axe
12:50 Horse Collar
16:17 Bow Saw
18:00 Loom
20:32 Wheelbarrow
22:09 Gold Mining
24:16 Heavy Plow
28:12 Imperial Age
26:21 Stone Mining
27:17 Bloodlines
27:08 Husbandry
27:54 Stone Shaft Mining
28:51 Scale Barding Armor
28:56 Forging
30:02 Two-Man Saw
28:29 Cavalier
31:26 Chain Barding Armor
33:16 Iron Casting
33:59 Crop Rotation
34:03 Pikeman
37:09 Conscription
36:12 Vendel Legacy
37:49 Conscription
taj
11:00 Feudal Age
14:38 Castle Age
13:04 Double-Bit Axe
13:44 Horse Collar
16:20 Gold Mining
16:59 Bow Saw
24:28 Squires
26:51 Husbandry
28:06 Wheelbarrow
31:57 Imperial Age
29:43 Heavy Plow
30:13 Stone Mining
30:59 Gold Shaft Mining
30:35 Forging
30:26 Scale Mail Armor
29:50 Pikeman
30:15 Arson
30:16 Gambesons
30:52 Scale Barding Armor
32:35 Hand Cart
32:57 Chain Mail Armor
33:18 Iron Casting
33:23 Chain Barding Armor
33:02 Fletching
32:40 Elite Varangian Guard
33:13 Elite Skirmisher
35:18 Conscription
35:44 Crop Rotation
36:15 Two-Man Saw
36:09 Padded Archer Armor
35:42 Imperial Skirmisher
36:13 Treadmill Crane
36:39 Siege Engineers
36:47 Bodkin Arrow
37:08 Cranequins
ocheda
10:50 Feudal Age
10:40 Loom
15:06 Castle Age
13:28 Double-Bit Axe
13:53 Horse Collar
23:42 Wheelbarrow
27:29 Imperial Age
25:08 Fletching
25:48 Bodkin Arrow
26:05 Town Watch
26:42 Padded Archer Armor
27:17 Ballistics
27:45 Leather Archer Armor
28:09 Hand Cart
29:31 Chemistry
32:53 Bow Saw
all peacocks are the same
10:17 Feudal Age
14:43 Castle Age
12:34 Double-Bit Axe
13:51 Horse Collar
20:56 Heavy Plow
22:56 Bow Saw
22:44 Loom
23:14 Gold Mining
24:40 Wheelbarrow
26:24 Hand Cart
29:26 Imperial Age
26:58 Stone Mining
27:57 Crossbowman
28:42 Thumb Ring
28:29 Fletching
29:01 Ballistics
30:07 Arbalester
30:08 Elite Skirmisher
30:44 Bodkin Arrow
30:49 Padded Archer Armor
31:20 Town Watch
34:21 Conscription
33:35 Clerical Recruitment
35:43 Gold Shaft Mining
35:52 Leather Archer Armor
35:37 Bracer
36:06 Shield Wall
37:07 Siege Engineers
38:17 Block Printing
38:19 Man-at-Arms
38:44 Gambesons
Intra; King of Swords
8:09 Loom
10:31 Feudal Age
14:13 Castle Age
12:41 Double-Bit Axe
13:17 Horse Collar
15:14 Bow Saw
16:57 Heavy Plow
20:56 Wheelbarrow
22:50 Gold Mining
22:53 Stone Mining
25:31 Scale Mail Armor
25:41 Forging
25:19 Loom
25:40 Pikeman
26:21 Squires
26:07 Gambesons
26:07 Arson
26:39 Chain Mail Armor
30:32 Imperial Age
28:40 Ballistics
28:13 Fletching
29:28 Gold Shaft Mining
29:29 Stone Shaft Mining
31:02 Iron Casting
31:28 Hand Cart
30:40 Onager
31:47 Conscription
30:57 Halberdier
31:18 Northmen's Fury
32:50 Plate Mail Armor
34:34 Chemistry
35:10 Siege Onager
AquilaMaximus
10:54 Feudal Age
15:14 Castle Age
13:35 Horse Collar
14:10 Double-Bit Axe
16:55 Bow Saw
19:12 Fletching
20:57 Elite Skirmisher
21:46 Bodkin Arrow
24:36 Wheelbarrow
24:04 Padded Archer Armor
23:35 Pikeman
24:26 Loom
25:24 Scale Mail Armor
27:42 Fortified Wall
27:32 Murder Holes
29:17 Ballistics
31:41 Imperial Age
30:21 Squires
30:34 Forging
30:27 Stone Mining
30:43 Treadmill Crane
31:30 Chain Mail Armor
31:51 Iron Casting
31:26 Heavy Plow
32:29 Hand Cart
34:57 Bracer
35:12 Leather Archer Armor
35:50 Fortified Wall
36:18 Halberdier
37:31 Plate Mail Armor
38:28 Iron Casting
38:06 Thumb Ring
39:46 Ring Archer Armor
40:19 Chemistry
39:08 Gambesons
raw0000
10:36 Feudal Age
14:32 Castle Age
12:38 Double-Bit Axe
13:05 Horse Collar
16:25 Heavy Plow
21:25 Bow Saw
22:06 Wheelbarrow
21:16 Loom
23:46 Forging
23:41 Scale Barding Armor
23:44 Gold Mining
23:46 Stone Mining
24:24 Hand Cart
23:56 Town Watch
25:48 Szlachta Privileges
26:16 Town Patrol
26:58 Stone Shaft Mining
27:17 Iron Casting
27:03 Chain Barding Armor
26:43 Scale Mail Armor
31:56 Imperial Age
29:47 Bloodlines
29:38 Husbandry
31:29 Chain Mail Armor
32:16 Cavalier
34:03 Blast Furnace
33:54 Crop Rotation
34:14 Conscription
Connection lost

Rejoining the realm…

Still unreachable

The connection could not be restored.

Session expired

The server has moved on; the page needs a fresh start.